 Dungeon Crawl Stone Soup version 0.31-a0-221-gbddc013574 (webtiles) character file.

Game seed: 17455747334891141384

9 Essalna the Firebug (level 2, -2/20 HPs)
             Began as a Demonspawn Fire Elementalist on July 4, 2023.
             Slain by a goblin
             ... wielding a +0 club
              (4 damage)
             ... on level 1 of the Dungeon.
             The game lasted 00:01:43 (582 turns).

Essalna the Firebug (Demonspawn Fire Elementalist)   Turns: 582, Time: 00:01:44

Health: -2/20      AC:  3    Str:  8    XL:     2   Next: 3%
Magic:  5/5        EV: 11    Int: 16    God:
Gold:   49         SH:  0    Dex: 13    Spells: 4/5 levels left

rFire   . . .        h - +0 hand axe
rCold   . . .        (no shield)
rNeg    . . .        f - +0 leather armour {rPois}
rPois   +            (no helmet)
rElec   .            (no cloak)
rCorr   .            (no gloves)
SInv    +            (no boots)
Will    .....        (no amulet)
Stlth   ++           e - ring of see invisible
HPRegen 0.23/turn    (no ring)
MPRegen 0.09/turn

%: no passive effects
@: no status effects
A: hooves 1
a: no special abilities


You were on level 1 of the Dungeon.
You visited 1 branch of the dungeon, and saw 2 of its levels.

You collected 49 gold pieces.

Inventory:

Hand Weapons
 h - a +0 hand axe (weapon)
Armour
 a - a +0 robe
 f - a +0 leather armour of poison resistance (worn)
Jewellery
 e - a ring of see invisible (left hand)
Potions
 b - a potion of magic
 c - 3 potions of enlightenment {unknown}
 d - a potion of brilliance {unknown}


   Skills:
 + Level 0.7 Fighting
 + Level 0.1 Armour
 - Level 1.7 Dodging
 - Level 1.7 Stealth
 - Level 2.0 Spellcasting
 + Level 1.4 Conjurations
 + Level 2.8 Fire Magic


You had 4 spell levels left.
You knew the following spells:

 Your Spells              Type           Power      Damage    Failure   Level
a - Foxfire               Conj/Fire      32%        2x1d5     12%         1

Your spell library contained the following spells:

 Spells                   Type           Power      Damage    Failure   Level
 Scorch                   Fire           20%        2d5       14%         2
 Inner Flame              Hex/Fire       6%         N/A       45%         3
 Volatile Blastmotes      Fire/Tloc      12%        2d11      45%         3
 Flame Wave               Conj/Fire      8%         2d5       77%         4


Dungeon Overview and Level Annotations

Branches:
Dungeon (2/15)

Altars:


Innate Abilities, Weirdness & Mutations

You have large cloven feet.


Message History

The goblin barely misses you. The goblin closely misses you.
The goblin barely misses you. The goblin hits you with a +0 club.
The goblin misses you. The goblin closely misses you.
The goblin hits you with a +0 club. The goblin closely misses you.
The goblin completely misses you. The goblin hits you with a +0 club.
The goblin closely misses you. The goblin hits you but does no damage.
The goblin hits you with a +0 club. The goblin barely misses you.
The goblin barely misses you. The goblin hits you with a +0 club.
The goblin closely misses you. The goblin closely misses you.
The goblin hits you with a +0 club. The goblin misses you.
The goblin hits you with a +0 club. The goblin barely misses you.
The goblin closely misses you. The goblin hits you with a +0 club.
* * * LOW HITPOINT WARNING * * *
The goblin barely misses you. The goblin hits you but does no damage.
The goblin hits you with a +0 club.
* * * LOW HITPOINT WARNING * * *
The goblin hits you with a +0 club.
* * * LOW HITPOINT WARNING * * *
The goblin hits you but does no damage. The goblin barely misses you.
The goblin hits you with a +0 club.
* * * LOW HITPOINT WARNING * * *
The goblin barely misses you. The goblin barely misses you.
The goblin barely misses you. The goblin hits you with a +0 club.
You die...

#.# ... #.#
.... #)# ....
#.# .....
###.##..... .
#..........
..
#..g.......
#.#..@.......
#.....#######
####.># ####


You could see a goblin.

Vanquished Creatures
  2 endoplasms
  2 bats (D:1)
  2 frilled lizards
  A goblin (D:2)
  4 rats
11 creatures vanquished.

Vanquished Creatures (others)
  19 foxfires
19 creatures vanquished.

Grand Total: 30 creatures vanquished

Notes
Turn   | Place    | Note
-------+----------+-------------------------------------------
     0 | D:1      | Essalna the Demonspawn Fire Elementalist began the quest
                  | for the Orb.
     0 | D:1      | Reached XP level 1. HP: 13/13 MP: 3/3
   397 | D:1      | You fall into a shaft and drop 1 floor!
   493 | D:2      | Discovered your monstrous ancestry.
   493 | D:2      | Gained mutation: You have large cloven feet. [demonic
                  | ancestry]
   493 | D:2      | Reached XP level 2. HP: 20/20 MP: 1/5
   578 | D:1      | HP: 1/20 [goblin/+0 club (2)]
   582 | D:1      | Slain by a goblin

Illustrated notes

Levels and vault maps discovered:
D:1:      dpeg_arrival_oval, layout_basic, minmay_indecisive_spiral
D:2:      layout_rooms, minmay_tree_intersection, uniq_sigmund

Action                     || total
---------------------------++-------
  Melee: Unarmed           ||    19
         Hand axe          ||     2
   Cast: Foxfire           ||    10
    Use: Scroll            ||     2
 Armour: Leather armour    ||    13
  Dodge: Dodged            ||    37

Table legend: (Time is in decaauts)
 A = Elapsed time spent in this place.
 B = Non-inter-level travel time spent in this place.
 C = Inter-level travel time spent in this place.
 D = Time resting spent in this place.
 E = Time spent auto-exploring this place.
 F = Levels seen in this place.
 G = Mean time per level.
                   A        B        C        D        E       F      G
               +--------+--------+--------+--------+--------+-----+--------+
         Total |    581 |    581 |      0 |      0 |    440 |   2 |  290.5 |
       Dungeon |    581 |    581 |      0 |      0 |    440 |   2 |  290.5 |
               +--------+--------+--------+--------+--------+-----+--------+

Top non-repeatable levels by time:
     D:1: 480 daAuts
     D:2: 100 daAuts
